Map: Lightshade LE

Players

shy

  • Race: Protoss Protoss
  • League: Platinum

refujhe - Winner!

  • Race: Terran Terran
  • League: Platinum

VOD

Have the link to the VOD?

Description

Time

  • Played on: July 16, 2021, 5:29 p.m.
  • Length: 12:27
Show
View Real Time Build Order
Export as new Build Order

shy Protoss 

Build Orders:  

Get SALT Encoding   

  12  0:00  Probe  
  13  0:13  Pylon  
  13  0:17  Probe  
  14  0:32  Gateway  
  14  0:34  Probe (Chrono Boost)  
  16  0:43  Probe (Chrono Boost)  
  16  0:44  Assimilator  
  16  0:50  Probe  
  17  1:02  Probe  
  17  1:03  Gateway  
  18  1:23  Cybernetics Core  
  18  1:27  Pylon, Probe  
  21  1:40  Zealot (Chrono Boost)  
  20  2:04  Stalker (Chrono Boost)  
  24  2:10  Stalker (Chrono Boost)  
  24  2:13  Warp Gate  
  24  2:35  Nexus  
  24  2:44  Probe  
  25  2:45  Assimilator  
  25  2:56  Probe  
  26  3:08  Probe  
  27  3:20  Probe  
  28  3:36  Probe  
  29  3:48  Probe  
  30  3:51  Pylon  
  30  3:54  Pylon  
  30  4:00  Probe  
  29  4:03  Probe  
  30  4:12  Probe  
  30  4:15  Probe  
  32  4:21  Robotics Facility  
  32  4:23  Forge  
  30  4:24  Probe  
  30  4:26  Twilight Council  
  30  4:27  Probe  
  32  4:36  Probe  
  31  4:39  Probe  
  31  4:41  Stalker x2  
  36  4:48  Probe  
  36  4:50  Pylon  
  36  4:52  Assimilator, Probe  
  38  4:54  Assimilator  
  38  4:55  Protoss Ground Weapons Level 1 (Chrono Boost)  
  38  5:00  Probe  
  38  5:01  Gateway  
  38  5:03  Gateway  
  39  5:07  Charge  
  39  5:08  Probe  
  39  5:12  Observer  
  39  5:13  Probe  
  42  5:20  Probe  
  43  5:25  Probe  
  44  5:32  Probe  
  44  5:34  Robotics Bay  
  45  5:37  Probe  
  45  5:39  Observer  
  47  5:44  Probe  
  47  5:49  Zealot x2, Probe  
  53  6:03  Warp Prism (Chrono Boost)  
  55  6:04  Robotics Facility  
  55  6:14  Zealot x2  
  55  6:15  Zealot x2  
  63  6:21  Extended Thermal Lance  
  63  6:33  Colossus (Chrono Boost)  
  69  6:40  Pylon  
  69  6:45  Pylon x2, Probe  
  70  6:58  Probe  
  70  7:00  Protoss Ground Weapons Level 2 (Chrono Boost), Gateway  
  71  7:02  Gateway  
  71  7:05  Pylon  
  71  7:08  Colossus (Chrono Boost)  
  77  7:19  Zealot x3  
  83  7:24  Colossus (Chrono Boost)  
  89  7:39  Probe x2  
  91  7:51  Stalker  
  91  7:52  Stalker x3  
  91  7:55  Stalker  
  101  8:04  Pylon  
  101  8:05  Pylon  
  101  8:19  Stalker x3  
  101  8:26  Colossus  
  85  8:51  Zealot x4  
  85  8:52  Zealot x2  
  79  9:23  Stalker x2  
  79  9:24  Stalker x4  
  85  9:26  Colossus  
  97  9:46  Observer  
  97  9:47  Stalker x2  
  97  9:48  Stalker x3  
  97  9:51  Stalker  
  109  10:02  Observer  
  109  10:14  Stalker x2  
  109  10:15  Stalker x2  
  58  10:54  Colossus x2 (Chrono Boost)  
  56  11:02  Stalker  
  56  11:03  Stalker x3  
  60  11:13  Zealot x2  
  60  11:14  Zealot x3  
  70  11:36  Stalker x2  
  70  11:37  Stalker x2  
  70  11:38  Stalker  
  47  11:57  Zealot  
  41  12:03  Zealot x3  
  41  12:04  Zealot x2  
Show
View Real Time Build Order
Export as new Build Order

refujhe Terran - Winner!

Build Orders:  

Get SALT Encoding   

  12  0:00  SCV  
  13  0:12  SCV  
  14  0:17  Supply Depot  
  14  0:24  SCV  
  15  0:39  SCV  
  15  0:40  Barracks  
  16  0:51  SCV  
  16  0:54  Refinery  
  17  1:05  SCV  
  18  1:20  SCV  
  19  1:27  Marine  
  20  1:34  Orbital Command  
  20  1:42  Command Center  
  20  1:48  Marine  
  21  1:59  Supply Depot  
  21  2:04  SCV  
  21  2:07  Barracks Reactor  
  22  2:16  SCV  
  22  2:21  Factory  
  23  2:28  SCV  
  24  2:40  SCV  
  24  2:43  Marine x2  
  27  2:44  Bunker  
  27  2:51  Supply Depot  
  27  2:52  SCV  
  27  2:54  Refinery  
  27  2:56  Orbital Command  
  28  3:03  Marine x2  
  28  3:04  SCV  
  25  3:23  SCV  
  26  3:27  SCV  
  26  3:34  Factory Tech Lab  
  26  3:36  SCV, Marine x2  
  26  3:39  SCV  
  29  3:46  Barracks  
  29  3:48  SCV  
  29  3:58  Marine x2  
  29  4:01  Siege Tank  
  33  4:07  Supply Depot  
  32  4:13  SCV  
  32  4:16  Marine  
  35  4:33  Siege Tank  
  38  4:41  Barracks Reactor  
  38  4:43  Barracks Tech Lab  
  37  4:47  SCV x2  
  39  4:58  Starport  
  39  4:59  SCV x2  
  41  5:02  Command Center  
  41  5:04  Marine  
  41  5:06  Stimpack  
  42  5:11  SCV  
  43  5:14  SCV  
  43  5:17  Marine x2  
  46  5:30  Supply Depot  
  46  5:31  Supply Depot  
  46  5:33  Supply Depot  
  46  5:37  Starport Reactor  
  46  5:45  Marine x3  
  46  5:46  SCV x2, Siege Tank  
  54  5:58  SCV x2  
  54  6:03  Marine  
  57  6:07  Marine x2  
  57  6:10  SCV x2  
  61  6:17  Orbital Command  
  61  6:22  SCV x2  
  61  6:23  Barracks  
  61  6:24  Barracks, Marine  
  61  6:25  Marine x2, Siege Tank  
  67  6:26  Barracks  
  67  6:31  Refinery  
  69  6:33  Refinery  
  69  6:34  SCV x2  
  69  6:38  Orbital Command  
  71  6:42  Marine, Supply Depot  
  71  6:43  Marine x2  
  71  6:44  Supply Depot  
  71  6:45  Combat Shield  
  71  6:46  SCV x2  
  76  6:52  Medivac  
  78  6:58  SCV x2  
  80  7:02  Marine x3  
  83  7:10  SCV x2  
  83  7:12  SCV  
  86  7:21  Marine x3  
  94  7:22  SCV x2  
  94  7:24  SCV, Barracks Reactor  
  94  7:25  Barracks Reactor  
  94  7:28  Medivac x2  
  96  7:31  Barracks Tech Lab  
  96  7:38  Engineering Bay  
  96  7:39  Engineering Bay  
  96  7:40  Marine x3, Armory  
  99  7:47  Siege Tank  
  102  7:55  Supply Depot  
  102  7:56  Supply Depot  
  102  7:58  SCV x3  
  105  8:02  Marine  
  105  8:03  Marine x3  
  109  8:09  Marine  
  109  8:10  SCV, Marine  
  109  8:11  SCV x2  
  108  8:14  Marauder x2  
  106  8:20  Marine x3  
  106  8:22  SCV  
  106  8:23  SCV x2, Marine  
  106  8:24  Siege Tank  
  106  8:25  Medivac x2  
  120  8:27  Marine  
  120  8:28  Marine  
  120  8:31  Terran Infantry Weapons Level 1  
  122  8:34  SCV  
  122  8:35  SCV, Marine  
  122  8:37  SCV, Marine  
  122  8:38  Marine x3  
  122  8:40  Marine  
  116  8:45  Marine  
  116  8:46  Marine  
  105  8:53  Marine  
  105  8:54  Marine  
  98  8:56  Marine x3  
  98  8:58  Marine  
  86  9:03  Marine  
  86  9:04  Marine  
  77  9:11  Marine  
  77  9:12  Marine  
  77  9:14  Marine x3  
  77  9:16  Marine  
  79  9:21  Marine x2  
  76  9:28  Marine  
  76  9:30  Marine  
  76  9:31  Marine, Viking  
  80  9:32  Marine x2  
  80  9:34  Marine, Viking  
  86  9:38  Marine  
  86  9:39  Marine  
  88  9:46  SCV x2  
  88  9:49  Marine x3  
  88  9:52  Marine  
  96  9:53  Concussive Shells  
  96  9:56  Marine  
  96  9:57  Marine, Marauder  
  100  10:00  Marauder  
  100  10:05  Medivac x2  
  104  10:07  Marine x3  
  104  10:09  Marine  
  104  10:13  SCV x2  
  110  10:14  Command Center  
  110  10:20  Marauder  
  114  10:21  Marauder  
  114  10:24  Marine x2  
  114  10:25  Marine x3  
  114  10:27  Marine  
  120  10:41  Marauder  
  120  10:42  Marine, Marauder  
  113  10:45  Marine x5  
  100  10:59  Marine  
  100  11:02  Marine x2  
  100  11:03  Marine x5  
  108  11:15  SCV x2  
  108  11:17  Marine  
  111  11:20  Marine x4  
  111  11:21  Marine x3  
  118  11:27  SCV  
  118  11:28  SCV  
  120  11:35  Marine  
  120  11:38  Marine x4  
  125  11:43  Marine x3  
  114  11:53  Marine  
  104  11:56  Marine x4  
  104  12:01  SCV x2, Marine x3  
Tags
 
Add a new tag
Caveats
  • Supply blocks, unpowered buildings, or Contaminate may cause inaccurate times.
  • Supply counts are checked every 10 seconds.